 Dungeon Crawl Stone Soup version 0.28-a0-957-g42eb19b844 (webtiles) character file.

Game seed: 9319145114619235038

293 croobank the Chopper (level 6, -1/43 HPs)
             Began as an Octopode Berserker on Dec 1, 2021.
             Was a Believer of Trog.
             Killed from afar by an orc wizard (9 damage)
             ... with a magic dart
             ... on level 3 of the Dungeon.
             The game lasted 00:13:24 (2732 turns).

croobank the Chopper (Octopode Berserker)           Turns: 2732, Time: 00:13:24

Health: -1/43      AC:  1    Str: 30    XL:     6   Next: 33%
Magic:  6/6        EV: 14    Int:  9    God:    Trog [**....]
Gold:   87         SH:  0    Dex: 12    Spells: 5/5 levels left

rFire   . . .      SeeInvis .   a - +0 hand axe
rCold   . . .      Faith    .   (no shield)
rNeg    + . .      Spirit   .   (helmet restricted)
rPois   .          Reflect  .   (no amulet)
rElec   .          Harm     .   f - +6 ring of strength
rCorr   .          Rampage  .   i - +6 ring of strength
Will    .....                   j - ring of positive energy
Stlth   +++.......              (no ring)
HPRegen 0.14/turn               (no ring)
MPRegen 0.10/turn               (no ring)
                                (no ring)
                                (no ring)

@: no status effects
A: almost no armour, amphibious, 8 rings, camouflage 1, gelatinous body 1,
(nimble swimmer 1), tentacles
a: Renounce Religion, Berserk, Trog's Hand


You were on level 3 of the Dungeon.
You worshipped Trog.
Trog was pleased with you.
You visited 1 branch of the dungeon, and saw 4 of its levels.

You collected 87 gold pieces.

Inventory:

Hand Weapons
 a - a +0 hand axe (weapon)
 b - a +0 hunting sling
 k - a +0 short sword
 o - a +1 antimagic scythe
Missiles
 g - 12 bolts
 h - 2 javelins (quivered)
 m - 48 stones
 p - 21 arrows
Jewellery
 f - a +6 ring of strength (left tentacle)
 i - a +6 ring of strength (right tentacle)
 j - a ring of positive energy (on tentacle)
Scrolls
 c - a scroll of brand weapon {unknown}
 d - a scroll of holy word {unknown}
 n - 3 scrolls of enchant armour
Potions
 e - a potion of flight
 l - a potion of resistance
 q - a potion of ambrosia


   Skills:
 - Level 4.0 Fighting
 - Level 4.6(4.8) Axes
 + Level 2.2(3.7) Polearms
 - Level 4.2 Dodging
 - Level 2.1 Stealth


You had 5 spell levels left.
You didn't know any spells.
Your spell library was empty.

Dungeon Overview and Level Annotations

Branches:
Dungeon (4/15)
 Temple: D:4-7

Altars:


Innate Abilities, Weirdness & Mutations

You cannot wear most types of armour.
You are amphibious.
You can wear up to eight rings at the same time.
Your skin changes colour to match your surroundings (Stealth+).
Your rubbery body absorbs attacks. (AC +1, EV +1)
((You are camouflaged near water. (Stealth+)))
You have tentacles for arms and can constrict up to eight enemies at once.


Message History

You closely miss the orc. Your squeeze misses the orc.
You feel less confused. The orc hits you with a +0 hand axe.
The orc priest invokes the aid of Beogh against you.
Beogh smites you!
Okay, then.
Your skin crawls.
You feel strong-willed. The orc completely misses you.
The orc priest mumbles some strange prayers to Beogh against you.
Beogh smites you!
* * * LOW HITPOINT WARNING * * *
Okay, then.
A bat comes into view.
Found a stone staircase leading down.
You see here a scroll labelled NEPROU PECLENG.
You feel the effects of Trog's Hand fading.
The bat hits you but does no damage.
The orc wizard points at you and mumbles some strange words.
The magic dart hits you!
* * * LOW HITPOINT WARNING * * *
The bat hits you but does no damage. The bat hits you but does no damage.
Your skin stops crawling.
You feel less strong-willed. The bat hits you but does no damage.
The bat closely misses you. The bat hits you but does no damage.
You closely miss the bat. You grab the bat. You squeeze the bat.
The bat is severely wounded.
You constrict the bat.
You kill the bat!
Trog accepts your kill.
Unknown command.
Found an escape hatch in the ceiling.
The orc hits you with a +0 hand axe.
* * * LOW HITPOINT WARNING * * *
The orc priest looks braver for a moment.
The orc wizard gestures at you while chanting.
The magic dart hits you!
You die...

####. .... .....#
.... .....### #..#
...... #..#### ##
#.... #..#..+ +.
#.#.# ...###..#.#
#.###.#..
#........<#
##.......#
#...##@#.+
#....#.#..
#.......###
##.#.#....
#...##..o.#
#....o##. ##.
###.#.# ##..#..## #
#...oo### ##.?#...
#.......######o....
#.....#oo#....o....
#.....##..o.o..(...
#.....####.#####...


You could see an orc priest, an orc wizard and 2 orcs.

Vanquished Creatures
  Sigmund (D:2)
  An orc priest (D:3)
  4 adders (D:2)
  A worm (D:2)
  A dart slug (D:1)
  5 orcs (D:3)
  3 ball pythons (D:1)
  4 endoplasms
  4 giant cockroaches
  3 goblins
  10 hobgoblins
  3 jackals (D:3)
  3 kobolds
  3 quokkas
  5 bats
  A frilled lizard (D:2)
  5 rats
57 creatures vanquished.

Notes
Turn   | Place    | Note
-------+----------+-------------------------------------------
     0 | D:1      | croobank the Octopode Berserker began the quest for the
                  | Orb.
     0 | D:1      | Reached XP level 1. HP: 16/16 MP: 1/1
    72 | D:1      | Reached XP level 2. HP: 15/21 MP: 2/2
    78 | D:1      | HP: 1/21 [constriction (1)]
   836 | D:1      | Reached XP level 3. HP: 24/26 MP: 3/3
  1151 | D:2      | Reached ** piety under Trog
  1216 | D:2      | Noticed Sigmund
  1422 | D:2      | Reached XP level 4. HP: 20/31 MP: 2/4
  1424 | D:2      | Killed Sigmund
  1425 | D:2      | Reached XP level 5. HP: 18/37 MP: 2/5
  1744 | D:2      | Reached XP level 6. HP: 37/43 MP: 6/6
  2052 | D:2      | Reached skill level 1 in Polearms
  2329 | D:3      | HP: 2/43 [orc (11)]
  2343 | D:4      | HP: 3/64 [quokka (3)]
  2732 | D:3      | Killed from afar by an orc wizard

Illustrated notes

Levels and vault maps discovered:
D:1:      denvon_arrival_planthouse, layout_basic
D:2:      layout_basic, uniq_sigmund
D:3:      layout_rooms, kennysheep_nondescript, serial_bayou_pond_d
D:4:      layout_gridville

Skill      XL: |  1  2  3  4  5  6 |
---------------+-------------------+-----
Fighting       | 4 |  4.0
Axes           | 4 |  4.6
Dodging        | 4 |  4.2
Stealth        | 2 |  2.1
Polearms       | 2 |  2.2

Action                   |  1- 3 |  4- 6 || total
-------------------------+-------+-------++-------
Melee: Hand axe          |    59 |    33 ||    92
       Constrict         |    17 |    11 ||    28
       Tentacles         |     9 |    10 ||    19
Throw: Javelin           |     1 |     1 ||     2
Invok: Berserk           |     2 |     1 ||     3
       Trog's Hand       |     1 |     1 ||     2
  Use: Scroll            |     2 |     4 ||     6
 Stab: Sleeping          |     2 |     5 ||     7
Armor: Skin              |     3 |     7 ||    10
Dodge: Dodged            |    44 |    20 ||    64

Table legend: (Time is in decaauts)
 A = Elapsed time spent in this place.
 B = Non-inter-level travel time spent in this place.
 C = Inter-level travel time spent in this place.
 D = Time resting spent in this place.
 E = Time spent auto-exploring this place.
 F = Levels seen in this place.
 G = Mean time per level.
                   A        B        C        D        E       F      G
               +--------+--------+--------+--------+--------+-----+--------+
         Total |   2772 |   2729 |     43 |    708 |   1420 |   4 |  693.0 |
       Dungeon |   2772 |   2729 |     43 |    708 |   1420 |   4 |  693.0 |
               +--------+--------+--------+--------+--------+-----+--------+

Top non-repeatable levels by time:
     D:2: 1353 daAuts
     D:1: 915 daAuts
     D:4: 315 daAuts
     D:3: 188 daAuts
